[Event "*** Titled Tuesday 3|2 Blitz"]
[Site "Chess.com"]
[Date "2016.10.04"]
[Round "1"]
[White "FabianoCaruana"]
[Black "Lupul_Cenusiu"]
[Result "1-0"]
[WhiteElo "2692"]
[BlackElo "2358"]
[TimeControl "180+2"]
[EndTime "11:11:40 PDT"]
[Termination "FabianoCaruana won on time"]

1. e4 d6 2. Nc3 Nf6 3. d4 g6 4.
Be3 c6 5. a4 a5 6. f4 Bg7 7. Nf3 O-O 8. Qd2 Na6 9. e5 Nd5 10. Nxd5 cxd5 11. h4 dxe5 12. dxe5 h5 13. Nd4 Nb4 14. c3 Nc6 15. Bd3 Bg4 16. O-O Nxd4 17. Bxd4 e6 18. Qf2 Re8 19. Bb5 Re7 20. Bc5 Rc7 21. Bb6 Bf8 22. Kh2 Be7 23. g3 Qc8 24.
Bxc7 Qxc7 25. Qd2 Bc5 26. b4 Bb6 27. Rfc1 Rd8 28. Be2 Bf5 29. Bd3 Bg4 30. Rab1 Rd7 31. Qg2 Qd8 32. bxa5 Bxa5 33. Rb5 b6 34. Qf2 Kg7 35.
Qd4 Kg8 36. Bf1 Kg7 37. Bg2 Be2 38. Rb2 Bc4 39. Bf3 Rc7 40. Kh3 Qd7 41. g4 hxg4+ 42. Bxg4 Rc8 43. Rg2 Rh8 44. h5 Kf8 45. Bf3 Qxa4 46.
f5 gxf5 47. Qh4 Ke8 48. Qf6 Rf8 49. h6 Qa3 50. Rcc2 Bxc3 51. h7 Bxe5 52. Qxe5 Qxf3+ 53. Qg3 Qd1 54. Qb8+ Ke7 55. Qxf8+ Kxf8 56. h8=Q+ Ke7 57.
Kh2 Qf3 58. Qh4+ Kd7 59. Rg7 b5 60. Rxf7+ Kc6 61. Rg2 Bf1 62. Rf2 Qd1 63. Qh6 Kc5 64. Rc7+ Kb6 65. Rfc2 Bc4 66. R7xc4 bxc4 67. Qxe6+ Kc5 68. Qe7+ Kd4 69. Re2 Qc1 70. Qe5+ Kc5 71. Qc7+ Kd4 72. Qg7+ Kc5 73. Qa7+ Kb4 74. Qb6+ Kc3 75.
Re3+ Kc2 76. Rf3 1-0

[Event "*** Titled Tuesday 3|2 Blitz"]
[Site "Chess.com"]
[Date "2016.10.04"]
[Round "1"]
[White "Gordima"]
[Black "Zhani-Z"]
[Result "0-1"]
[WhiteElo "2549"]
[BlackElo "2303"]
[TimeControl "180+2"]
[EndTime "11:11:47 PDT"]
[Termination "Zhani-Z won by resignation"]

1. e4 e5 2. Nf3 Nc6 3. Nc3 Nf6 4.
g3 d5 5. exd5 Nxd5 6. Bg2 Nxc3 7.
bxc3 Bc5 8. O-O O-O 9. d3 Qf6 10. Nd2 Bb6 11. Qh5 Be6 12. Ne4 Qg6 13. Qxg6 hxg6 14.
a4 Rfd8 15. Ba3 f5 16. Ng5 Bd5 17. Bh3 Rab8 18. c4 Bf7 19. Nxf7 Kxf7 20. Bg2 Nd4 21. Ra2 Ne2+ 22. Kh1 Nc3 23. Raa1 Nxa4 24. Bb4 Nc5 25. Rfe1 Re8 26. Bc3 Nd7 27. Bd5+ Kf8 28. Bb4+ Bc5 29. Bxc5+ Nxc5 30. Rxa7 c6 31. Bg2 Kf7 32. Bxc6 Kf6 33. Bd5 Ra8 34. Rea1 Rxa7 35. Rxa7 Rc8 36. Kg2 Rc7 37. f3 Ke7 38. Kf2 Ne6 39. Bxe6 Kxe6 40. h4 Kf6 41. Ke3 g5 42. hxg5+ Kxg5 43. f4+ exf4+ 44. gxf4+ Kg4 45. d4 Re7+ 46. Kd2 Kxf4 47. c5 Rc7 48. Kd3 g5 49. Ra1 g4 50. Rf1+ Kg5 51.
Kc4 b6 52. Kb5 bxc5 53. d5 c4 54. d6 Rc8 55. d7 Rd8 56. Kc6 g3 57. Re1 f4 58. Re8 Rxd7 59. Kxd7 f3 60. Ke6 g2 61. Rg8+ Kf4 62. Kd5 f2 63. Rxg2 f1=Q 64. Rd2 c3 65.
Rd4+ Ke3 66. Rh4 Qf5+ 67. Kc4 Qxc2 68. Rh3+ Kd2 69. Rh2+ Kc1 70. Rxc2+ 0-1

[Event "*** Titled Tuesday 3|2 Blitz"]
[Site "Chess.com"]
[Date "2016.10.04"]
[Round "1"]
[White "TomsKantans"]
[Black "BCNUM8"]
[Result "1-0"]
[WhiteElo "2456"]
[BlackElo "2140"]
[TimeControl "180+2"]
[EndTime "11:11:51 PDT"]
[Termination "TomsKantans won by resignation"]

1. e4 g6 2. d4 d6 3. Nc3 c6 4. Be3 d5 5. Qd2 h5 6. O-O-O Nh6 7. f3 Bg7 8. Kb1 dxe4 9. fxe4 Ng4 10. Bg5 f6 11. Bf4 e5 12. dxe5 Qxd2 13. Rxd2 fxe5 14.
Bg5 O-O 15. Nf3 Be6 16. Be2 Nd7 17. Rd6 Rae8 18. Rhd1 Nb6 19. b3 Nh6 20. Be3 Nf7 21. R6d2 Rd8 22. a4 Rxd2 23. Rxd2 Bg4 24. a5 Nc8 25.
Bc4 Bxf3 26. gxf3 Kh7 27. Rd7 Nfd6 28. Be2 Rf7 29. Rd8 Rf8 30. Rd7 Rf7 31. Rxf7 Nxf7 32.
Bc4 Ncd6 33. Be6 Nd8 34. Bd7 a6 35. Na4 Bh6 36. Bb6 N8f7 37. Nc5 Be3 38. c4 Bxc5 39.
Bxc5 g5 40. Kc2 Kg6 41. Kd3 Kf6 42. b4 Ke7 43. Bh3 Kf6 44. Bb6 Ke7 45. Bc7 Ne8 46.
Bb8 Ned6 47. c5 Nb5 48. Bc8 Nd4 49. Bxb7 Nxf3 50. Bxa6 g4 51. Bc4 Nd8 52. a6 h4 53.
a7 g3 54. hxg3 hxg3 55. a8=Q g2 56. Qa7+ Kf6 57. Qa1 g1=Q 58. Qxg1 Nxg1 59. b5 cxb5 60. Bxb5 Nh3 61. Kc4 Nf4 62. Bc7 Nde6 63. Ba5 Ke7 64. Bc3 Ng6 65. Ba4 Kd8 66. Bd1 Kc7 67. Bh5 Nef4 68.
Bg4 Ng2 69. Bf5 Ne3+ 70. Kb5 Nxf5 71. exf5 Nf8 72. Bxe5+ Kb7 73. c6+ Kc8 74. Bf6 Nh7 75. Be7 Nf6 76. Bxf6 1-0

[Event "*** Titled Tuesday 3|2 Blitz"]
[Site "Chess.com"]
[Date "2016.10.04"]
[Round "1"]
[White "FearNoEvil12"]
[Black "Semetey"]
[Result "1-0"]
[WhiteElo "2047"]
[BlackElo "2404"]
[TimeControl "180+2"]
[EndTime "11:12:36 PDT"]
[Termination "FearNoEvil12 won by checkmate"]

1. e4 d6 2. Nc3 Nf6 3. f4 c5 4. Nf3 g6 5. Bc4 Bg7 6. f5 gxf5 7. d3 fxe4 8. dxe4 Bg4 9. O-O Nc6 10. Bg5 O-O 11. Qe1 Nd4 12. Nxd4 cxd4 13. Nd5 Nxd5 14.
Bxd5 Qd7 15. Qg3 Bh5 16. Bh6 Bg6 17. Bxg7 Kxg7 18. Rad1 e6 19. Bb3 e5 20. c3 dxc3 21. bxc3 Rad8 22. Bd5 b6 23. c4 f5 24.
exf5 Rxf5 25. Rxf5 Qxf5 26. Rf1 Qc2 27. Qg5 Rd7 28.
Qf6+ Kh6 29. h4 Qe2 30. Rf3 e4 31. Qf8+ Kh5 32. Rf5+ Bxf5 33. Qxf5+ Kxh4 34. Qh3+ Kg5 35. Qxd7 Qe3+ 36. Kh2 Qf4+ 37. Kg1 Qc1+ 38. Kf2 e3+ 39. Kf3 Qd2 40. Qg4+ Kf6 41. Qf4+ Kg7 42. Qxe3 Qd1+ 43. Qe2 Qd4 44. Qe7+ Kh6 45. Qe6+ Kh5 46. Qh3+ Kg5 47. Qg3+ Kf5 48. Qh3+ Kf6 49. Qh6+ Ke7 50. Qxh7+ Kd8 51. Qe4 Qc3+ 52. Kf4 Qf6+ 53. Qf5 Qd4+ 54. Kg5 Qg7+ 55.
Qg6 Qe5+ 56. Kh6 Qh8+ 57. Kg5 Qe5+ 58. Qf5 Qg7+ 59. Qg6 Qe5+ 60. Qf5 Qg7+ 61. Kh4 Qh6+ 62. Qh5 Qf4+ 63. Qg4 Qh6+ 64. Kg3 Qe3+ 65. Kh2 Qe5+ 66. g3 Qb2+ 67. Kh3 Qe5 68. Qg8+ Kd7 69. Qg4+ Kd8 70.
Qf4 Qe2 71. g4 Qd3+ 72. Kh4 Qh7+ 73. Kg3 Qd3+ 74. Qf3 Qd4 75. g5 Qg1+ 76. Kf4 Qd4+ 77. Qe4 Qd2+ 78. Kf5 Qxa2 79. g6 Qf2+ 80. Qf4 Qc5 81. g7 Qc8+ 82. Kf6 Kc7 83. g8=Q Qd7 84. Qf7 Qxf7+ 85. Bxf7 a5 86. Qe4 a4 87. Bd5 b5 88.
Qe7+ Kb6 89. Qb7+ Kc5 90. Qxb5+ Kd4 91. Qxa4 Kc5 92. Qb5+ Kd4 93. Qc6 Kc3 94. Qxd6 Kd4 95. Qe5+ Kc5 96. Bf7+ Kb6 97. c5+ Kb7 98. Qd6 Kc8 99.
Be6+ Kb7 100. Bd5+ Kc8 101. Qc6+ Kd8 102. Qb6+ Kd7 103. Be6+ Ke8 104. Qb8# 1-0

[Event "*** Titled Tuesday 3|2 Blitz"]
[Site "Chess.com"]
[Date "2016.10.04"]
[Round "2"]
[White "promen1999"]
[Black "Baggio95"]
[Result "1/2-1/2"]
[WhiteElo "2313"]
[BlackElo "2363"]
[TimeControl "180+2"]
[EndTime "11:15:56 PDT"]
[Termination "Game drawn by agreement"]

1. Nf3 Nf6 2. g3 g6 3. b3 Bg7 4. Bb2 c5 5. c4 d6 6. d4 Ne4 7. Bg2 Qa5+ 8. Nbd2 Nxd2 9. Qxd2 Qxd2+ 10. Kxd2 Nc6 11.
e3 Bg4 1/2-1/2

[Event "*** Titled Tuesday 3|2 Blitz"]
[Site "Chess.com"]
[Date "2016.10.04"]
[Round "2"]
[White "dsanchez1973"]
[Black "dawtonlms"]
[Result "0-1"]
[WhiteElo "2106"]
[BlackElo "2167"]
[TimeControl "180+2"]
[EndTime "11:16:42 PDT"]
[Termination "dawtonlms won by resignation"]

1. e4 c5 2. Nf3 e6 3. d4 cxd4 4.
Nxd4 a6 5. Bd3 Qc7 6. O-O Nf6 7. Re1 d6 8. Nc3 Be7 9. Be3 Nc6 10. Nxc6 bxc6 11.
Qe2 O-O 12. Rad1 d5 13. Bd4 e5 14. exd5 exd4 15. Ne4 cxd5 16. Nxf6+ Bxf6 17. Qh5 g6 18. Qxd5 Bb7 19. Qb3 Rfe8 20. Bc4 Kg7 21. Bd5 Bxd5 22.
Qxd5 Rad8 23. Qb3 Qa5 24. Rf1 Re6 25. a3 Rde8 26. Qd3 Qh5 27. b4 Qb5 28. Qb3 Rc8 29.
a4 Qc4 30. Qxc4 Rxc4 31. b5 axb5 32. axb5 Rxc2 33. Rb1 Rb6 34. Rfd1 Rc5 0-1

[Event "*** Titled Tuesday 3|2 Blitz"]
[Site "Chess.com"]
[Date "2016.10.04"]
[Round "2"]
[White "Lali-Rustavi"]
[Black "daro94"]
[Result "0-1"]
[WhiteElo "1828"]
[BlackElo "2638"]
[TimeControl "180+2"]
[EndTime "11:16:57 PDT"]
[Termination "daro94 won by resignation"]

1. c4 Nf6 2. Nc3 e5 3. g3 d5 4.
cxd5 Nxd5 5. Bg2 Nb6 6. d3 Be7 7. Nf3 Nc6 8. O-O O-O 9. a3 Be6 10. b4 a5 11. b5 Nd4 12. Nxd4 exd4 13. Na4 Bd5 14. Nxb6 cxb6 15. a4 Bxg2 16. Kxg2 Qd5+ 17. Kg1 Rfe8 18. Bf4 Bc5 19. Rb1 Re6 20. Re1 Rae8 21.
Qd2 Bb4 22. Rxb4 axb4 23. Qxb4 Rxe2 24. Rc1 Qf3 25. Qxd4 Re1+ 0-1

[Event "*** Titled Tuesday 3|2 Blitz"]
[Site "Chess.com"]
[Date "2016.10.04"]
[Round "2"]
[White "igorkovalenko"]
[Black "MyleneFarmer"]
[Result "1-0"]
[WhiteElo "2617"]
[BlackElo "2298"]
[TimeControl "180+2"]
[EndTime "11:17:06 PDT"]
[Termination "igorkovalenko won by resignation"]

1. e4 c5 2. Nc3 Nc6 3. g3 g6 4.
Bg2 Bg7 5. d3 d6 6. h4 h5 7. Be3 Nf6 8. Nh3 Ng4 9. Bd2 Nd4 10.
f3 Ne5 11. O-O Rb8 12. Nf2 b5 13. Nd5 e6 14. Ne3 d5 15. f4 Ng4 16. Nfxg4 hxg4 17. exd5 exd5 18. c3 Nf5 19. Nxf5 Bxf5 20. Re1+ Kf8 21. Be3 d4 22. Bf2 dxc3 23. Bxc5+ Kg8 24. bxc3 Bxc3 25. d4 Bxa1 26. Qxa1 Kh7 27. d5 Re8 28.
Rxe8 Qxe8 29. Qf6 Qh8 30. Qxf7+ Qg7 31. Qxg7+ Kxg7 32. Bxa7 Ra8 33. Bd4+ Kf7 34. d6 Ra4 35. Bc5 Be4 36. d7 1-0

[Event "*** Titled Tuesday 3|2 Blitz"]
[Site "Chess.com"]
[Date "2016.10.04"]
[Round "2"]
[White "Quiet_Desperation"]
[Black "brightthunder"]
[Result "0-1"]
[WhiteElo "2239"]
[BlackElo "2427"]
[TimeControl "180+2"]
[EndTime "11:17:08 PDT"]
[Termination "brightthunder won by resignation"]

1. e4 c5 2. Nf3 e6 3. d4 cxd4 4. Nxd4 a6 5. Nc3 Qc7 6. Bd3 Nf6 7. Be3 d6 8. O-O Be7 9. f4 O-O 10. Kh1 b5 11. a3 Bb7 12. Rf3 Nbd7 13. Rh3 Rfe8 14.
e5 dxe5 15. Bxh7+ Nxh7 16. Qh5 Ndf6 17. Qh4 exd4 18. Bxd4 Kf8 19. f5 e5 20. Be3 Rad8 0-1

[Event "*** Titled Tuesday 3|2 Blitz"]
[Site "Chess.com"]
[Date "2016.10.04"]
[Round "2"]
[White "Tarlev_Konstantin"]
[Black "Peroncio"]
[Result "1-0"]
[WhiteElo "2565"]
[BlackElo "2380"]
[TimeControl "180+2"]
[EndTime "11:17:29 PDT"]
[Termination "Tarlev_Konstantin won by resignation"]

1. e4 e5 2. Nf3 Nc6 3. Bc4 Nf6 4. d3 Be7 5. O-O O-O 6. a4 d6 7. a5 a6 8. Re1 Be6 9. Nbd2 Qc8 10. c3 Kh8 11. Nf1 Ng8 12. Ne3 g6 13. d4 Bxc4 14. Nxc4 f6 15. b4 Rf7 16. Bb2 Bf8 17.
Ne3 Bh6 18. d5 Nce7 19. c4 Bg7 20. c5 f5 21. cxd6 cxd6 22. Rc1 Qd8 23. Ng5 Rf6 24. exf5 gxf5 25. Ne6 Qb8 26. Nc4 Nc8 27. Nxe5 Rxe6 1-0

[Event "*** Titled Tuesday 3|2 Blitz"]
[Site "Chess.com"]
[Date "2016.10.04"]
[Round "2"]
[White "Hieronymus00"]
[Black "macko06"]
[Result "0-1"]
[WhiteElo "2169"]
[BlackElo "2120"]
[TimeControl "180+2"]
[EndTime "11:17:30 PDT"]
[Termination "macko06 won by resignation"]

1. e4 e6 2. d4 d5 3. Nc3 Nf6 4. Bg5 Be7 5. e5 Nfd7 6. h4 h6 7.
Bxe7 Qxe7 8. Qg4 O-O 9. f4 a6 10. O-O-O c5 11. Nf3 Nc6 12. Qh3 f6 13. dxc5 fxe5 14.
fxe5 Ndxe5 15. Nxe5 Nxe5 16. Qg3 Qf6 17. Bd3 Qf4+ 18.
Qxf4 Rxf4 19. Rde1 Nxd3+ 20. cxd3 Bd7 21. Kd2 Rc8 22.
Ke3 Rg4 23. d4 Rxg2 24. Nd1 Rf8 25. Ref1 Rg3+ 26. Kd2 Rxf1 27. Rxf1 Rg4 28. Ke3 Re4+ 0-1

[Event "*** Titled Tuesday 3|2 Blitz"]
[Site "Chess.com"]
[Date "2016.10.04"]
[Round "2"]
[White "jncool68"]
[Black "annakantane"]
[Result "1-0"]
[WhiteElo "2430"]
[BlackElo "2207"]
[TimeControl "180+2"]
[EndTime "11:17:56 PDT"]
[Termination "jncool68 won by resignation"]

1. e4 c5 2. Nf3 e6 3. Nc3 Nc6 4.
d4 cxd4 5. Nxd4 Qc7 6. Be3 Nf6 7. a3 a6 8. f4 h5 9. h3 h4 10.
Be2 d6 11. Qd2 Be7 12. O-O-O Na5 13. e5 dxe5 14. fxe5 Nh5 15. Ne4 Qxe5 16. Bf3 Nc4 17. Qe2 Nxe3 18. Qxe3 f5 19. Kb1 fxe4 20. Bxe4 O-O 21.
Bh7+ 1-0

[Event "*** Titled Tuesday 3|2 Blitz"]
[Site "Chess.com"]
[Date "2016.10.04"]
[Round "2"]
[White "MaestroASK"]
[Black "hansen"]
[Result "0-1"]
[WhiteElo "2450"]
[BlackElo "2646"]
[TimeControl "180+2"]
[EndTime "11:18:04 PDT"]
[Termination "hansen won by resignation"]

1. g3 g6 2. Bg2 Bg7 3. d3 d5 4.
c3 Nc6 5. e4 Nf6 6. f3 O-O 7. Nh3 e5 8. Nf2 a5 9. a4 b6 10. O-O Bb7 11. Nd2 Qd7 12. Re1 Rfe8 13. Qc2 Rad8 14. Nf1 d4 15. c4 Nb4 16. Qd1 Qe7 17. b3 Nd7 18. Ba3 Nc5 19. Bxb4 axb4 20.
Qc2 h5 21. h4 Bh6 22. Rab1 Bc8 23. Bh3 f5 24. Kg2 f4 25. Bxc8 Rxc8 26. Nh3 fxg3 27. Kxg3 Rf8 28. Red1 Bf4+ 29. Nxf4 Rxf4 30. Qh2 Rcf8 31.
Qh1 Qf6 32. Nd2 Nxd3 33. Rg1 Rg4+ 0-1

[Event "*** Titled Tuesday 3|2 Blitz"]
[Site "Chess.com"]
[Date "2016.10.04"]
[Round "2"]
[White "Rating-Schmating"]
[Black "underdogchss"]
[Result "0-1"]
[WhiteElo "2211"]
[BlackElo "2399"]
[TimeControl "180+2"]
[EndTime "11:18:04 PDT"]
[Termination "underdogchss won by checkmate"]

1. e4 e5 2. Nf3 Nc6 3. d4 exd4 4. Nxd4 Nf6 5. Nxc6 bxc6 6. e5 Qe7 7. Qe2 Nd5 8. c4 Nb6 9. b3 a5 10. a3 a4 11. b4 Ba6 12. Nd2 g6 13. Bb2 Bg7 14. O-O-O O-O 15. f4 Rae8 16. Qd3 d5 17. exd6 Bxb2+ 18. Kxb2 cxd6 19. Qc3 c5 20. b5 Bb7 21. Bd3 d5 22. Rhe1 Qd6 23. Rxe8 Rxe8 24. Bc2 d4 25.
Qg3 Re3 26. Qh4 d3 27. Bb1 Qd4+ 28. Ka2 Nxc4 29. Nxc4 Qxc4+ 30. Kb2 Re2+ 31. Ka1 Qc3# 0-1

[Event "*** Titled Tuesday 3|2 Blitz"]
[Site "Chess.com"]
[Date "2016.10.04"]
[Round "2"]
[White "gmjoey1"]
[Black "Houdinovic"]
[Result "1-0"]
[WhiteElo "2539"]
[BlackElo "2306"]
[TimeControl "180+2"]
[EndTime "11:18:08 PDT"]
[Termination "gmjoey1 won by resignation"]

1. e4 e6 2. d4 d5 3. Nc3 Nf6 4. e5 Nfd7 5. f4 c5 6. Nf3 Qb6 7. a3 a6 8. Be3 Nc6 9. Na4 Qa5+ 10. Nc3 Qb6 11. Be2 cxd4 12. Nxd4 Bc5 13. Na4 Qa5+ 14.
b4 Qxa4 15. bxc5 Nxc5 16. O-O Ne4 17. Nxc6 Qxc6 18. Bd3 O-O 19. Qg4 b5 20. Rf3 Qc3 21.
Raf1 f5 22. Qh4 Ra7 23. Bxa7 1-0

[Event "*** Titled Tuesday 3|2 Blitz"]
[Site "Chess.com"]
[Date "2016.10.04"]
[Round "2"]
[White "Kouzari"]
[Black "CheckThis4"]
[Result "0-1"]
[WhiteElo "2440"]
[BlackElo "2349"]
[TimeControl "180+2"]
[EndTime "11:18:08 PDT"]
[Termination "CheckThis4 won by resignation"]

1. e4 c5 2. c3 e6 3. d4 d5 4. e5 Nc6 5. Nf3 Bd7 6. Bd3 cxd4 7.
cxd4 Qb6 8. O-O Nxd4 9. Nxd4 Qxd4 10. Nc3 a6 11. Qe2 Ne7 12. Kh1 Nc6 13. f4 Nb4 14. Bb1 Qc4 15. Qf3 d4 16. Ne4 d3 17. a3 Nc2 18. Bxc2 dxc2 19. Bd2 Bc6 20. Rfe1 O-O-O 21. Bc3 Rd3 22. Qe2 Qxe4 23. Qxe4 Bxe4 24. Rxe4 Rd1+ 25. Re1 Rxa1 26. Rxa1 Bc5 27. Rc1 Rd8 0-1

[Event "*** Titled Tuesday 3|2 Blitz"]
[Site "Chess.com"]
[Date "2016.10.04"]
[Round "2"]
[White "biostatistician"]
[Black "RobertoJBM"]
[Result "1/2-1/2"]
[WhiteElo "2438"]
[BlackElo "2516"]
[TimeControl "180+2"]
[EndTime "11:18:14 PDT"]
[Termination "Game drawn by agreement"]

1. d4 d5 2. Nf3 c6 3. c4 Nf6 4. cxd5 cxd5 5. Nc3 Nc6 6. Bf4 Qb6 7.
Na4 Qa5+ 8. Bd2 Qc7 9. e3 Bd7 10. Rc1 Rc8 11. Nc5 e6 12. Bb5 a6 13. Nxd7 Nxd7 14.
Bxc6 bxc6 15. O-O Bd6 16. Qa4 Qb6 17. b3 O-O 18. Rc2 Qb5 19. Qxb5 cxb5 20. Rfc1 Rxc2 21. Rxc2 Nb8 22. Kf1 f6 23. Ke2 Kf7 24. a4 bxa4 25. bxa4 Ke7 26. Rb2 Nd7 27. Rb7 Rb8 28. Ra7 Rb6 29.
Kd3 Bb8 30. Ra8 Kd6 31. Ba5 Kc6 32. Bxb6 Kxb6 33. Kc3 Kb7 34. Rxb8+ Nxb8 35. Kb4 Kb6 36. a5+ Kc7 37. Nd2 Nc6+ 38. Ka4 e5 39. Nb3 exd4 40. Nxd4 Nxd4 41. exd4 1/2-1/2

[Event "*** Titled Tuesday 3|2 Blitz"]
[Site "Chess.com"]
[Date "2016.10.04"]
[Round "2"]
[White "OparinGrigoriy"]
[Black "keisyzrk"]
[Result "1-0"]
[WhiteElo "2585"]
[BlackElo "2268"]
[TimeControl "180+2"]
[EndTime "11:18:27 PDT"]
[Termination "OparinGrigoriy won by resignation"]

1. Nf3 Nf6 2. g3 d5 3. Bg2 c6 4. O-O Bg4 5. c4 Nbd7 6. cxd5 cxd5 7. Qb3 Qb6 8. Qxb6 Nxb6 9. d3 g6 10. Nc3 Bg7 11. h3 Be6 12. Bf4 O-O 13. Rfc1 h6 14. Be5 Rfc8 15. Nd4 Nfd7 16. Bxg7 Kxg7 17. Nxe6+ fxe6 18. Kf1 Rc6 19. Nb5 Kf7 20. Ke1 a6 21.
Nd4 Rxc1+ 22. Rxc1 Rc8 23. Rxc8 Nxc8 24. h4 e5 25.
Bxd5+ Kf6 26. Nf3 b5 27. Nd2 Nd6 28. e3 e6 29. Bc6 Nc5 30. Ke2 Ke7 31. b3 Kd8 32.
Bg2 Kc7 33. d4 exd4 34. exd4 Nd7 35. Kd3 e5 36. Bh3 exd4 37. Kxd4 Nf6 38. Ke5 Nfe8 39. f4 Kc6 40. b4 Nc7 41. Bg2+ Kd7 42. Be4 Nxe4 43.
Nxe4 Ke7 44. Nc5 h5 45. a3 1-0

[Event "*** Titled Tuesday 3|2 Blitz"]
[Site "Chess.com"]
[Date "2016.10.04"]
[Round "2"]
[White "dretch"]
[Black "LornerAcosta"]
[Result "1-0"]
[WhiteElo "2637"]
[BlackElo "2349"]
[TimeControl "180+2"]
[EndTime "11:18:53 PDT"]
[Termination "dretch won by resignation"]

1. d4 d5 2. c4 e6 3. Nc3 Nf6 4. cxd5 exd5 5. Bg5 Be7 6. e3 c6 7. Bd3 Nbd7 8. Nge2 O-O 9. Ng3 Re8 10. Nf5 Nf8 11.
Nxe7+ Qxe7 12. Qf3 N8d7 13. O-O h6 14. Bh4 Qd6 15.
h3 g5 16. Bg3 Qe7 17. Rfd1 Ne4 18. Bxe4 dxe4 19. Qh5 Kg7 20. d5 Nf6 21. Qe2 cxd5 22. Nxd5 Nxd5 23. Rxd5 Be6 24. Rd4 f5 25. Be5+ Kh7 26.
Rad1 Red8 27. Qb5 a6 28. Qb6 Rxd4 29. Rxd4 Rc8 30. Rd6 Rc6 31. Rxc6 bxc6 32. Qxa6 Bxa2 33. Qxa2 Qxe5 34. Qf7+ Kh8 35. Qf8+ Kh7 36. Qf7+ Kh8 37. Qg6 f4 38. Qxh6+ Kg8 39. Qxc6 fxe3 40. fxe3 Qxb2 41.
Qg6+ Qg7 42. Qxe4 Qf6 43. Qf3 Qe5 44. Qa8+ Kg7 45. Qb7+ Kg6 46. Qc6+ Kg7 47. Qd7+ Kg6 48. Qd3+ Kf7 49. Qd4 Qb5 50. e4 Qb1+ 51. Kh2 Qb8+ 52.
e5 Ke6 53. Qg4+ Kd5 54. Qxg5 1-0

[Event "*** Titled Tuesday 3|2 Blitz"]
[Site "Chess.com"]
[Date "2016.10.04"]
[Round "2"]
[White "FearNoEvil12"]
[Black "josiwales"]
[Result "0-1"]
[WhiteElo "2042"]
[BlackElo "2213"]
[TimeControl "180+2"]
[EndTime "11:18:58 PDT"]
[Termination "josiwales won by resignation"]

1. e4 c5 2. Nc3 e6 3. f4 a6 4. a4 Nc6 5. Nf3 d5 6. d3 Nf6 7. Qe2 Be7 8. g3 O-O 9. Bg2 b6 10. e5 Nd7 11. O-O Bb7 12. Bd2 Qc8 13. Rae1 Nd4 14. Qd1 Qc6 15. Kh1 b5 16. axb5 axb5 17. Nxd4 cxd4 18. Ne2 Bc5 19. c3 Qb6 20. cxd4 Bxd4 21.
Nxd4 Qxd4 22. Bc3 Qc5 23. d4 Qc4 24. f5 b4 25. f6 bxc3 26. Qg4 g6 27. Qg5 Kh8 28.
Qh6 Rg8 29. Rf4 g5 30. Bf1 Qb4 31. Bd3 Nf8 32. Rg4 cxb2 33. Rxg5 Qxe1+ 34. Kg2 Rxg5 35. Qxg5 Ng6 36. Bxg6 Qe2+ 37. Kh3 fxg6 38. f7 Qh5+ 39. Qxh5 gxh5 0-1

[Event "*** Titled Tuesday 3|2 Blitz"]
[Site "Chess.com"]
[Date "2016.10.04"]
[Round "2"]
[White "Lupul_Cenusiu"]
[Black "ka1ser64"]
[Result "1-0"]
[WhiteElo "2366"]
[BlackElo "2360"]
[TimeControl "180+2"]
[EndTime "11:19:02 PDT"]
[Termination "Lupul_Cenusiu won by resignation"]

1. d4 d5 2. c4 dxc4 3. Nc3 Nf6 4.
e4 e5 5. Nf3 exd4 6. Qxd4 Qxd4 7.
Nxd4 Bb4 8. Nb5 Nxe4 9. Nxc7+ Kd8 10. Nd5 Nxc3 11. bxc3 Re8+ 12. Be3 Bc5 13. Bxc4 Be6 14.
O-O-O Bxe3+ 15. Nxe3+ Kc7 16. Nd5+ Kc6 17. Rhe1 Nd7 18.
a4 a6 19. a5 Kc5 20. Ba2 Rac8 21. Kb2 b5 22. f4 g6 23. Nb4 Nb8 24. Re5+ 1-0

[Event "*** Titled Tuesday 3|2 Blitz"]
[Site "Chess.com"]
[Date "2016.10.04"]
[Round "2"]
[White "Kawhi_Leonard2"]
[Black "FLchessplayer"]
[Result "1-0"]
[WhiteElo "1976"]
[BlackElo "2017"]
[TimeControl "180+2"]
[EndTime "11:19:14 PDT"]
[Termination "Kawhi_Leonard2 won by resignation"]

1. e4 c5 2. Nf3 d6 3. d4 cxd4 4. Nxd4 Nf6 5. Nc3 g6 6. Be3 Bg7 7. f3 O-O 8. Qd2 Nc6 9. O-O-O d5 10. Qe1 e6 11. h4 h5 12. exd5 exd5 13. Qd2 Kh7 14. Be2 Re8 15. Bg5 Nxd4 16. Qxd4 Be6 17. g4 Nxg4 18. Bxd8 Bxd4 19. Rxd4 Raxd8 20. fxg4 hxg4 21. Bxg4 a6 22. h5 g5 23. Rf1 Kg7 24. Bf3 g4 25. Bxg4 Bxg4 26. Rxg4+ Kh6 27. Rxf7 Re1+ 28. Kd2 Rh1 29.
Rxb7 d4 30. Ne4 Rh2+ 31. Kd3 Rc8 32. Rg6+ Kxh5 33. Rh7+ Kxg6 34. Rxh2 Rb8 35. b3 Rb5 36.
Kxd4 Ra5 37. a4 Rf5 38. Rg2+ Kh7 39. Rg5 Rf7 40. c4 Rd7+ 41. Kc3 Rb7 42. Nc5 Rb6 43. a5 Rc6 44. b4 Rd6 45. Re5 Kg6 46. Re6+ 1-0

[Event "*** Titled Tuesday 3|2 Blitz"]
[Site "Chess.com"]
[Date "2016.10.04"]
[Round "2"]
[White "nihalsarin"]
[Black "platy3"]
[Result "1/2-1/2"]
[WhiteElo "2468"]
[BlackElo "2737"]
[TimeControl "180+2"]
[EndTime "11:19:15 PDT"]
[Termination "Game drawn by agreement"]

1. d4 Nf6 2. c4 e6 3. Nf3 d5 4. Nc3 dxc4 5. e4 b5 6. e5 Nd5 7. Nxb5 Nb6 8. Be2 Nc6 9. O-O Be7 10. Be3 O-O 11. Nd2 a6 12. Nc3 Nxd4 13. Nxc4 Nxe2+ 14. Qxe2 Nd5 15. Nxd5 exd5 16. Rfd1 a5 17. Qe1 Bb4 18.
Bd2 Bxd2 19. Qxd2 Bg4 20. f3 dxc4 21. Qxd8 Rfxd8 22. fxg4 Rab8 23. b3 Rxd1+ 24. Rxd1 cxb3 25. axb3 Kf8 26. Rd7 Rb7 27. h3 Ke8 28. e6 fxe6 29. Rxg7 h6 30. Kh2 Rxb3 31. Rxc7 a4 1/2-1/2

[Event "*** Titled Tuesday 3|2 Blitz"]
[Site "Chess.com"]
[Date "2016.10.04"]
[Round "2"]
[White "ZEN-22"]
[Black "Gordima"]
[Result "0-1"]
[WhiteElo "2255"]
[BlackElo "2552"]
[TimeControl "180+2"]
[EndTime "11:19:19 PDT"]
[Termination "Gordima won by checkmate"]

1. e3 Nf6 2. Ne2 g6 3. h4 c5 4. h5 Nxh5 5. Rxh5 gxh5 6. Nf4 e6 7. Nxh5 Nc6 8. c4 Qg5 9. f4 Qg6 10. Kf2 d6 11. Nc3 Bd7 12. d4 O-O-O 13. Bd3 f5 14. d5 Nb4 15. Be2 Rg8 16. g3 e5 17.
a3 Na6 18. b4 exf4 19. exf4 Bg7 20. Qb3 Bd4+ 21. Kf1 Rde8 22. Bf3 Qh6 23. Ra2 Rg4 24. Rh2 Rxg3 25. Ne2 Ba4 26. Qd3 Bc2 27. Qxc2 Rxf3+ 28. Ke1 Qg6 29. Bb2 Qg1+ 30. Kd2 Be3+ 31. Kd3 Bc1# 0-1

[Event "*** Titled Tuesday 3|2 Blitz"]
[Site "Chess.com"]
[Date "2016.10.04"]
[Round "2"]
[White "David_Klein"]
[Black "RamonManon0g"]
[Result "1-0"]
[WhiteElo "2390"]
[BlackElo "2198"]
[TimeControl "180+2"]
[EndTime "11:19:32 PDT"]
[Termination "David_Klein won by resignation"]

1. e4 c5 2. Nf3 d6 3. d4 cxd4 4. Nxd4 Nf6 5. Nc3 a6 6. Bg5 e6 7. f4 h6 8. Bh4 Qb6 9. a3 Be7 10.
Bf2 Qc7 11. Qf3 Nc6 12. O-O-O b5 13. g4 Bb7 14. h4 b4 15. axb4 Nxb4 16. g5 hxg5 17.
hxg5 Rxh1 18. Qxh1 Ng8 19. Qh7 Kf8 20. g6 Bf6 21.
gxf7 Qxf7 22. Bh3 Bxd4 23. Bxd4 Qxf4+ 24. Kb1 Qh6 25. Qxh6 gxh6 26. Bxe6 Ke7 27. Bb3 Nc6 28. Bb6 Ne5 29. Bc7 Nf7 30. Nd5+ Bxd5 31. Bxd5 Ra7 32. Bb6 Rd7 33. Rf1 Nf6 34. Bxf7 Kxf7 35. Bd4 1-0

[Event "*** Titled Tuesday 3|2 Blitz"]
[Site "Chess.com"]
[Date "2016.10.04"]
[Round "2"]
[White "Sven_Tica"]
[Black "Andrejkin"]
[Result "1-0"]
[WhiteElo "2383"]
[BlackElo "2184"]
[TimeControl "180+2"]
[EndTime "11:19:32 PDT"]
[Termination "Sven_Tica won by resignation"]

1. d4 d5 2. c4 c6 3. cxd5 cxd5 4. Bf4 Nf6 5. e3 Nc6 6. Nc3 e6 7. Bd3 Bd6 8. Bxd6 Qxd6 9. f4 O-O 10. Nf3 a6 11.
Rc1 b5 12. O-O Bd7 13. Ne5 Rac8 14. a3 Na5 15. g4 Nc4 16. Qe2 h6 17. h4 Bc6 18. g5 hxg5 19. hxg5 Ne8 20. Qh5 g6 21. Qh6 Ng7 22. Nxg6 fxg6 23. Bxg6 Rf7 24. Bxf7+ Kxf7 25. g6+ Ke7 26. Qxg7+ Kd8 27. Qf7 Nxe3 28. g7 Be8 29. g8=Q Qd7 30. Qxd7+ Kxd7 31. Nxd5 1-0